 Dungeon Crawl Stone Soup version 0.23.0 (webtiles) character file.

Game seed: 1003753761936481430

7253 Lavandula the Grappler (level 10, 0/84 HPs)
             Began as a Troll Wanderer on Feb 16, 2019.
             Was a Priest of Cheibriados.
             Slain by a centaur warrior simulacrum (7 damage)
             ... in a Gauntlet.
             The game lasted 00:21:02 (6761 turns).

Lavandula the Grappler (Troll Wanderer)             Turns: 6761, Time: 00:21:03

Health: 0/84       AC:  9    Str: 32    XL:     10   Next: 88%
Magic:  12/12      EV:  9    Int: 16    God:    Cheibriados [***...]
Gold:   508        SH: 15    Dex: 15    Spells: 9/9 levels left

rFire    x x .     SeeInvis .     - Unarmed
rCold    + + .     Gourm    +   d - +0 shield
rNeg     . . .     Faith    .   e - +0 robe
rPois    .         Spirit   .   (helmet restricted)
rElec    .         Reflect  +   H - +2 cloak
rCorr    .         Harm     .   (gloves unavailable)
MR       .....     NoTele   +   (boots unavailable)
Stlth    ++........             N - +3 amulet of reflection
HPRegen  0.64/turn              Q - ring of Riedowk {Ice Int+3 Slay+3}
MPRegen  0.13/turn              C - ring of ice

@: very slow
A: large, unfitting armour, claws 3, fast metabolism 3, gourmand, regeneration
1, shaggy fur 1, tough skin 3
a: Bend Time, Temporal Distortion, Renounce Religion


You were in a Gauntlet.
You worshipped Cheibriados.
Cheibriados was most pleased with you.
You were full.

You visited 3 branches of the dungeon, and saw 10 of its levels.
You also visited: Gauntlet.

You collected 508 gold pieces.

Inventory:

Hand Weapons
 t - a +0 blowgun
Missiles
 u - 19 poisoned needles
 L - 8 tomahawks (quivered)
Armour
 d - a +0 shield (worn)
 e - a +0 robe (worn)
 H - a +2 cloak (worn)
Jewellery
 k - a +3 ring of dexterity
 l - an uncursed ring of magical power
 r - an uncursed ring of flight
 w - an uncursed amulet of rage
 y - a +3 ring of dexterity
 z - an uncursed ring of fire
 A - an uncursed ring of poison resistance
 C - a ring of ice (right claw)
 I - an uncursed ring of fire
 N - a +3 amulet of reflection (around neck)
 Q - the ring of Riedowk (left claw) {Ice Int+3 Slay+3}
   (You found it in a Gauntlet)

   [ring of ice]

   It enhances your ice magic.
   It affects your intelligence (+3).
   It affects your accuracy and damage with ranged weapons and melee attacks
   (+3).
   It makes you vulnerable to fire.
   It protects you from cold.
Wands
 F - a wand of iceblast (3)
 M - a wand of acid (8)
 O - a wand of flame (16)
Scrolls
 c - 7 scrolls of teleportation {unknown}
 i - 9 scrolls of identify {unknown}
 n - a scroll of immolation {unknown}
 v - a scroll of magic mapping {unknown}
 x - 5 scrolls of remove curse {unknown}
 D - 2 scrolls of blinking {unknown}
 E - a scroll of brand weapon {unknown}
 G - a scroll of fear {unknown}
 J - a scroll of amnesia {unknown}
 K - a scroll of fog {unknown}
Potions
 a - 4 potions of berserk rage
 b - a potion of haste
 g - 4 potions of mutation {unknown}
 h - 6 potions of curing {unknown}
 j - 2 potions of lignification {unknown}
 m - 2 potions of brilliance {unknown}
 o - 3 potions of might {unknown}
 p - 3 potions of flight {unknown}
 q - 2 potions of degeneration {unknown}
 s - a potion of invisibility {unknown}
 B - a potion of agility {unknown}
Comestibles
 f - 16 rations
 P - 4 chunks of flesh


   Skills:
 - Level 1.0 Fighting
   Level 2.4 Long Blades
 - Level 1.0 Throwing
 - Level 1.0 Dodging
 - Level 1.0 Stealth
 + Level 7.2 Shields
 - Level 12.5 Unarmed Combat
 - Level 5.1 Evocations


You had 9 spell levels left.
You didn't know any spells.
Your spell library contained the following spells:

 Spells                   Type           Power        Failure   Level  Hunger
 Magic Dart               Conj           #...         36%         1    ##.....
 Blink                    Tloc           N/A          50%         2    ###....
 Call Imp                 Summ           #.......     50%         2    ###....
 Slow                     Hex            #.......     50%         2    ###....
 Conjure Flame            Conj/Fire      #.......     73%         3    ####...
 Mephitic Cloud           Conj/Pois/Air  #.......     73%         3    ####...


Dungeon Overview and Level Annotations

Branches:
Dungeon (8/15)             Temple (1/1) D:6            Lair (1/6) D:8

Altars:
Ashenzari
Cheibriados
Dithmenos
Elyvilon
Fedhas
Gozag
Hepliaklqana
Kikubaaqudgha
Makhleb
Nemelex Xobeh
Okawaru
Qazlal
Ru
Sif Muna
Trog
Uskayaw
Vehumet
Wu Jian
Xom
Yredelemnul
Zin
The Shining One

Shops:
D:5 :

Annotations:
Gauntlet 13 transporters


Innate Abilities, Weirdness & Mutations

You are too large for most types of armour.
You have claws for hands.
Your metabolism is lightning-fast.
You like to eat raw meat.
Your natural rate of healing is unusually fast.
You are covered in fur. (AC +1)
You have extremely tough skin. (AC +3)


Message History

Unknown command.
You barely miss the ice dragon simulacrum.
The ice dragon simulacrum is severely damaged.
You block the ice dragon simulacrum's attack.
The ice dragon simulacrum claws you!
* * * LOW HITPOINT WARNING * * *
The ice dragon simulacrum freezes you! You resist.
* * * LOW HITPOINT WARNING * * *
The ice dragon simulacrum tramples you but does no damage.
Unknown command.
Evoke which item? (* to show all) (? for menu, Esc to quit)
Aiming: Corrosive Bolt
Press: ? - help, Shift-Dir - straight line, f - ice dragon simulacrum
Aim: an ice dragon simulacrum (severely damaged)
The bolt of acid hits the ice dragon simulacrum.
The ice dragon simulacrum is splashed with acid.
The ice dragon simulacrum vapourises!
Cheibriados appreciates the change of pace.
The centaur warrior simulacrum hits you!
You die...

###############################§#
.9.999#.#...#§#...#.#.........#.#
#.##..#.#..#§.§#..#.#..##.##..#.#
.#..#.#.#.##.§.##.#.#.##...##.#.#
.#©.#.#.##^^#§#§^##.#.#.....#.#.#
####..#.#§Z..©§...#.#....©....#.#
.#..#.#.##..#^#..##.#.#.....#.#.#
.#..#.#.#.#######Z#.#.##...##.#.#
#.##.9#.#..#..^#@.#.#2.##.##..#.#
.©[!9Y#.#...?©:"..#.#...)©[(..#.#
#######.###########.###########.#
................................#
...............................≈#
#################################
...≈##8# #8# #8# #8# #8# #8# #8#
©..8#### ### ### ### ### ### ###
...≈#


You could see a hell beast and a centaur warrior simulacrum.

Vanquished Creatures
  Pikel (D:4)
  Maurice (D:8)
  A black mamba (Lair:1)
  An ice devil (Gauntlet)
  A komodo dragon (D:8)
  A hornet (D:8)
  Grinder (D:4)
  Sigmund (D:2)
  A centaur simulacrum (Gauntlet)
  A wraith (D:8)
  4 yaks (D:6)
  A basilisk (D:8)
  2 swamp worms (Gauntlet)
  2 water moccasins
  A porcupine (Lair:1)
  2 ice beasts
  An ice dragon simulacrum (Gauntlet)
  3 sky beasts
  A necrophage (D:8)
  7 ogres
  3 phantoms
  2 centaurs
  5 bullfrogs
  4 scorpions
  A water moccasin skeleton (D:5)
  A wight (D:8)
  2 crimson imps (D:5)
  A bullfrog zombie (D:5)
  2 centaur skeletons
  3 jellies
  10 orc wizards
  2 bullfrog skeletons
  3 orc priests
  Natasha (twice) (D:2)
  An iguana (D:5)
  11 worker ants
  A killer bee zombie (D:6)
  A howler monkey zombie (D:7)
  4 gnolls (D:5)
  10 adders
  6 shadow imps
  3 white imps (Gauntlet)
  2 oozes
  An adder zombie (D:6)
  An adder skeleton (D:7)
  5 worms
  3 dart slugs
  6 leopard geckos
  35 orcs
  3 ball pythons
  4 bats
  4 giant cockroaches
  4 goblins
  8 hobgoblins
  7 jackals
  6 quokkas
  2 frilled lizards
  10 kobolds
  2 leopard gecko skeletons
  10 rats
225 creatures vanquished.

Vanquished Creatures (others)
  3 slaves (D:4)
  3 demonic plants (Gauntlet)
  5 fungi (Gauntlet)
  13 plants
24 creatures vanquished.

Grand Total: 249 creatures vanquished

Notes
Turn   | Place    | Note
-------+----------+-------------------------------------------
     0 | D:1      | Lavandula the Troll Wanderer began the quest for the Orb.
     0 | D:1      | Lavandula set off with the following items: a potion of
                  | berserk rage, a potion of haste, a +0 falchion, a +0
                  | shield, a +0 robe, 2 rations
     0 | D:1      | Reached XP level 1. HP: 19/19 MP: 0/0
    26 | D:1      | Reached XP level 2. HP: 27/27 MP: 1/1
   107 | D:1      | Reached skill level 3 in Unarmed Combat
   536 | D:1      | Reached XP level 3. HP: 28/33 MP: 2/2
   927 | D:2      | Noticed Sigmund
   942 | D:2      | Killed Sigmund
   942 | D:2      | Reached skill level 5 in Unarmed Combat
   942 | D:2      | Reached XP level 4. HP: 6/41 MP: 3/3
   942 | D:2      | Reached XP level 5. HP: 7/48 MP: 4/4
  1073 | D:2      | Found a radiant altar of Vehumet.
  1130 | D:2      | Found an ancient bone altar of Kikubaaqudgha.
  1157 | D:2      | Noticed Natasha
  1164 | D:2      | Killed Natasha
  1164 | D:2      | Reached skill level 6 in Unarmed Combat
  1347 | D:2      | Noticed Natasha
  1352 | D:2      | Killed Natasha
  1352 | D:2      | Reached XP level 6. HP: 51/55 MP: 5/5
  1713 | D:3      | Found a white marble altar of Elyvilon.
  1847 | D:3      | Found a basalt altar of Yredelemnul.
  2211 | D:3      | Found an ornate altar of the Wu Jian Council.
  2434 | D:4      | Found a hide-covered altar of Uskayaw.
  2452 | D:4      | Reached skill level 7 in Unarmed Combat
  2485 | D:4      | Reached XP level 7. HP: 49/62 MP: 6/6
  2499 | D:4      | Reached skill level 1 in Evocations
  2550 | D:4      | Noticed Pikel
  2553 | D:4      | Noticed Grinder
  2562 | D:4      | Killed Pikel
  2562 | D:4      | Reached XP level 8. HP: 65/70 MP: 7/10
  2602 | D:4      | Paralysed by Grinder for 4 turns
  2607 | D:4      | Killed Grinder
  2615 | D:4      | Reached skill level 5 in Evocations
  2982 | D:5      | Entered Level 5 of the Dungeon
  3060 | D:5      | Reached skill level 8 in Unarmed Combat
  3174 | D:5      | Reached skill level 9 in Unarmed Combat
  3305 | D:5      | Reached XP level 9. HP: 67/76 MP: 11/11
  3341 | D:5      | Found Epaetsak's Book Shop.
  3371 | D:5      | Found a basalt altar of Yredelemnul.
  3681 | D:6      | Reached skill level 10 in Unarmed Combat
  3956 | D:6      | Reached skill level 11 in Unarmed Combat
  4180 | D:6      | Found a staircase to the Ecumenical Temple.
  4229 | Temple   | Entered the Ecumenical Temple
  4341 | Temple   | Became a worshipper of Cheibriados the Contemplative
  4895 | D:7      | Reached * piety under Cheibriados
  5101 | D:7      | Found a shadowy altar of Dithmenos.
  5217 | D:8      | Reached XP level 10. HP: 65/84 MP: 12/12
  5277 | D:8      | Reached skill level 5 in Shields
  5443 | D:8      | Reached ** piety under Cheibriados
  5568 | D:8      | Found a staircase to the Lair.
  5613 | D:8      | Paralysed by a hornet for 3 turns
  5618 | D:8      | Reached skill level 12 in Unarmed Combat
  5757 | D:8      | Noticed Maurice
  5986 | D:8      | Killed Maurice
  6398 | Lair:1   | Entered Level 1 of the Lair of Beasts
  6457 | Lair:1   | Found a gate leading to a gauntlet.
  6457 | Lair:1   | Noticed a black mamba
  6460 | Lair:1   | Killed a black mamba
  6468 | Gauntlet | Entered a Gauntlet
  6468 | Gauntlet | Found a transporter.
  6476 | Gauntlet | Found a transporter.
  6478 | Gauntlet | Found a transporter.
  6486 | Gauntlet | Noticed a worldbinder
  6487 | Gauntlet | Found a transporter.
  6502 | Gauntlet | Found a transporter.
  6507 | Gauntlet | Found a transporter.
  6524 | Gauntlet | Found a transporter.
  6531 | Gauntlet | Noticed a ghost crab
  6540 | Gauntlet | Noticed an eight-headed hydra
  6541 | Gauntlet | Found a transporter.
  6541 | Gauntlet | Noticed a torpor snail
  6553 | Gauntlet | Found a transporter.
  6555 | Gauntlet | Noticed a moth of wrath
  6556 | Gauntlet | a moth of wrath changed into a dream sheep
  6559 | Gauntlet | Noticed a death drake
  6559 | Gauntlet | a dream sheep changed into a death drake
  6559 | Gauntlet | Noticed a moth of wrath
  6559 | Gauntlet | a death drake changed into a moth of wrath
  6563 | Gauntlet | Noticed a molten gargoyle
  6563 | Gauntlet | a moth of wrath changed into a merfolk
  6564 | Gauntlet | Noticed a death drake
  6564 | Gauntlet | a merfolk changed into a death drake
  6565 | Gauntlet | Found a transporter.
  6565 | Gauntlet | Noticed a catoblepas
  6567 | Gauntlet | Noticed a moth of wrath
  6567 | Gauntlet | a tarantella changed into a moth of wrath
  6568 | Gauntlet | Noticed a swamp dragon
  6568 | Gauntlet | a death drake changed into a swamp dragon
  6568 | Gauntlet | Noticed a molten gargoyle
  6569 | Gauntlet | Noticed a deep troll
  6569 | Gauntlet | a swamp dragon changed into a deep troll
  6575 | Gauntlet | Noticed a gargoyle
  6577 | Gauntlet | Found a transporter.
  6582 | Gauntlet | Noticed a gargoyle
  6589 | Gauntlet | Found a transporter.
  6589 | Gauntlet | Noticed a hell beast
  6606 | Gauntlet | Found a transporter.
  6624 | Gauntlet | Found a transporter.
  6626 | Gauntlet | Found a transporter.
  6678 | Gauntlet | Reached *** piety under Cheibriados
  6679 | Gauntlet | Found a transporter.
  6681 | Gauntlet | Found a transporter.
  6693 | Gauntlet | Found a transporter.
  6727 | Gauntlet | Got a scorched ivory ring
  6729 | Gauntlet | Identified the ring of Riedowk {Ice Int+3 Slay+3} (You
                  | found it in a Gauntlet)
  6761 | Gauntlet | Slain by a centaur warrior simulacrum

Skill      XL: |  1  2  3  4  5  6  7  8  9 10 |
---------------+-------------------------------+-----
Unarmed Combat | 3 5 6 7 9 11 12 | 12.5
Shields        | 2 4 7 |  7.2
Evocations     | 4 5 |  5.1
Fighting       | |  1.0
Long Blades    | |  2.4
Throwing       | |  1.0
Dodging        | |  1.0
Stealth        | |  1.0

Action                   |  1- 3 |  4- 6 |  7- 9 | 10-12 || total
-------------------------+-------+-------+-------+-------++-------
Melee: Unarmed           |    85 |   160 |   312 |   149 ||   706
 Fire: Blowgun           |       |       |     5 |       ||     5
Throw: Tomahawk          |       |       |       |     2 ||     2
 Abil: Evoke Berserk Rag |       |       |     1 |       ||     1
Evoke: Wand              |       |       |       |     4 ||     4
 Stab: Sleeping          |     6 |     3 |     6 |     1 ||    16
       Distracted        |       |       |       |     1 ||     1
  Eat: Chunk             |     6 |    18 |    22 |    13 ||    59
Armor: Robe              |    24 |    36 |    71 |    26 ||   157
Dodge: Dodged            |    20 |    29 |    67 |    27 ||   143
Block: Shield            |    30 |    50 |   115 |    63 ||   258
       Reflection        |       |       |       |     2 ||     2
